 Dungeon Sprint DCSS version 0.23.2-1-ga50397a6bc (webtiles) character file.

Game seed: 8839097196887062447

266 Kobolds4U the Nimble (level 6, -1/37 HPs)
             Began as a Spriggan Assassin on May 22, 2019.
             Splashed by a jelly's acid (3 damage)
             ... in the Dungeon (Sprint I: "Red Sonja").
             The game lasted 00:01:05 (363 turns).

Kobolds4U the Nimble (Spriggan Assassin)             Turns: 363, Time: 00:01:06

Health: -1/37      AC: -1    Str:  7    XL:     6   Next: 0%
Magic:  7/7        EV: 28    Int: 13    God:
Gold:   162        SH:  0    Dex: 19    Spells: 5/5 levels left

rFire    . . .     SeeInvis +   a - +2 dagger
rCold    . . .     Gourm    .   (shield restricted)
rNeg     . . .     Faith    .   c - +0 robe
rPois    .         Spirit   .   (helmet restricted)
rElec    .         Reflect  .   d - +0 cloak
rCorr    .         Harm     .   (gloves unavailable)
MR       +....     NoTele   +   (boots unavailable)
Stlth    +++++.....             (no amulet)
HPRegen  0.12/turn              (no ring)
MPRegen  0.10/turn              (no ring)

@: corroded, very quick
A: very small, unfitting armour, see invisible, herbivore, speed 3, slow
metabolism 2
a: no special abilities


You were in the Dungeon.
You were not hungry.

You visited 1 branch You collected 162 gold pieces.

Inventory:

Hand Weapons
 a - a +2 dagger (weapon)
 b - a +0 blowgun
Missiles
 e - 8 poisoned needles
 f - 2 curare-tipped needles
Armour
 c - a +0 robe (worn)
 d - a +0 cloak (worn)
Scrolls
 m - a scroll of blinking
Potions
 h - a potion of curing
 i - a potion of heal wounds
 j - a potion of haste
 k - 2 potions of magic
 l - a potion of berserk rage
 n - a potion of flight {unknown}
Comestibles
 g - a ration


   Skills:
 + Level 6.7 Fighting
 - Level 2.1 Short Blades
 - Level 2.0 Throwing
 + Level 11.0 Dodging
 - Level 10.6 Stealth


You had 5 spell levels left.
You didn't know any spells.
Your spell library was empty.

Dungeon Overview and Level Annotations

Branches:
Dungeon (1/1)

Altars:
Sif Muna
Vehumet
Wu Jian


Innate Abilities, Weirdness & Mutations

You are very small and have problems with some larger weapons.
You are too small for most types of armour.
You have supernaturally acute eyesight. (SInv)
You are a herbivore.
You cover ground extremely quickly.
You need to consume almost no food.


Message History

The jelly hits you.
You are splashed with acid!
You hit the jelly but do no damage.
Your hands burn!
The jelly is severely wounded.
The jelly misses you.
You hit the jelly.
Your hands burn!
The jelly is severely wounded.
The jelly completely misses you.
You hit the jelly.
Your hands burn!
* * * LOW HITPOINT WARNING * * *
The jelly is severely wounded.
You hit the jelly but do no damage.
Your hands burn!
* * * LOW HITPOINT WARNING * * *
The jelly is severely wounded.
The jelly completely misses you.
You hit the jelly but do no damage.
Your hands burn!
* * * LOW HITPOINT WARNING * * *
The jelly is severely wounded.
The jelly closely misses you.
You hit the jelly.
Your hands burn!
You die...

################
#<.#..'..#.)'..#
#..').#.)'..#..+
#..#####'#####'#
#..# #..# #!#
#..# #### ##[#
#..# #+#_.+ #⌠⌠#
+.@J_# ####
#_.#+# ##+#


You could see a jelly.

Vanquished Creatures
  Sigmund (D)
  An ogre (D)
  Ijyb (D)
3 creatures vanquished.

Notes
Turn   | Place    | Note
-------+----------+-------------------------------------------
     0 | D        | Kobolds4U the Spriggan Assassin began the quest for the
                  | Orb.
     0 | D        | Reached XP level 1. HP: 10/10 MP: 2/2
     1 | D        | Noticed Ijyb
    45 | D        | Killed Ijyb
    45 | D        | Reached skill level 10 in Stealth
    45 | D        | Reached XP level 2. HP: 3/14 MP: 3/3
   319 | D        | Noticed an ogre
   322 | D        | Killed an ogre
   322 | D        | Reached skill level 7 in Dodging
   322 | D        | Reached XP level 3. HP: 21/21 MP: 4/4
   322 | D        | Reached XP level 4. HP: 26/26 MP: 5/5
   331 | D        | Noticed Sigmund
   334 | D        | Killed Sigmund
   334 | D        | Reached skill level 11 in Dodging
   334 | D        | Reached XP level 5. HP: 32/32 MP: 6/6
   334 | D        | Reached XP level 6. HP: 37/37 MP: 7/7
   347 | D        | Found an ornate altar of the Wu Jian Council.
   347 | D        | Found a deep blue altar of Sif Muna.
   349 | D        | Found a radiant altar of Vehumet.
   363 | D        | Splashed by a jelly's acid

Skill      XL: |  1  2  3  4 |
---------------+-------------+-----
Stealth        | 10 | 10.6
Fighting       | 4 6 |  6.7
Dodging        | 7 11 | 11.0
Short Blades   | |  2.1
Throwing       | |  2.0

Action                   |  1- 3 |  4- 6 || total
-------------------------+-------+-------++-------
Melee: Dagger            |    44 |    12 ||    56
 Stab: Sleeping          |     1 |     1 ||     2
Armor: Robe              |     3 |       ||     3
Dodge: Dodged            |    22 |     8 ||    30
